 Dungeon Crawl Stone Soup version 0.17-a0-1642-gd4b747b (webtiles) character file.

9829 maniek23 the Protected (level 11, -12/100 HPs)
             Began as a Minotaur Fighter on Aug 8, 2015.
             Mangled by a death yak (13 damage)
             ... on level 4 of the Lair of Beasts.
             The game lasted 00:44:20 (10915 turns).

maniek23 the Protected (Minotaur Fighter)          Turns: 10915, Time: 00:44:21

Health: -12/100    AC: 12    Str: 25    XL:     11   Next: 28%
Magic:  11/13      EV:  9    Int:  7    God:
Gold:   821        SH: 12    Dex: 11    Spells: 0 memorised, 10 levels left

rFire  . . .     SeeInvis +     n - +3 long sword (freeze)
rCold  . . .     Clarity  .     V - +1 ring mail {MR+}
rNeg   . . .     SustAt   .     c - +0 shield
rPois  .         Gourm    .     (helmet restricted)
rElec  +         Spirit   .     J - +0 cloak {+Inv}
rCorr  .         Warding  .     (no gloves)
rMut   .         Stasis   .     r - +0 pair of boots
MR     ++...                    (no amulet)
Stlth  +.........               N - +2 ring of strength
                                A - ring "Ogicis" {*Contam +Fly rElec Int+2}

@: very slightly contaminated, invisible, very resistant to hostile
enchantments, very unstealthy
A: retaliatory headbutt, horns 2, see invisible, blink 1, magic resistance 1,
shaggy fur 1
a: Blink, Turn Visible, Evoke Flight


You were on level 4 of the Lair of Beasts.
You were not hungry.

You visited 3 branches of the dungeon, and saw 14 of its levels.
You also visited: Sewer and Ossuary.

You collected 821 gold pieces.

Inventory:

Hand weapons
 a - a +2 antimagic hand axe
 b - a +0 hand crossbow
 n - a +3 long sword of freezing (weapon)
 O - a +0 demon blade
Missiles
 g - 8 javelins (quivered)
 m - 87 bolts
 C - 9 tomahawks
 E - 10 bolts of flame
Armour
 c - a +0 shield (worn)
 r - a +0 pair of boots (worn)
 J - a +0 cloak of invisibility (worn)
 V - a +1 ring mail of magic resistance (worn)
Jewellery
 d - an uncursed ring of teleportation
 A - the ring "Ogicis" (left hand) {*Contam +Fly rElec Int+2}
   (You found it on level 4 of the Dungeon)

   [ring of intelligence]

   It affects your intelligence (+2).
   It insulates you from electricity.
   It lets you fly.
   It causes magical contamination when unequipped.
 H - a +5 ring of intelligence {unknown}
 I - an uncursed ring of ice
 N - a +2 ring of strength (right hand)
Magical devices
 q - a wand of cold (10)
 R - a wand of disintegration (19)
Scrolls
 f - a scroll of enchant weapon {unknown}
 h - a scroll of noise {unknown}
 i - 4 scrolls of random uselessness {unknown}
 j - 3 scrolls of enchant armour {unknown}
 o - 6 scrolls of remove curse
 p - 2 scrolls of teleportation {unknown}
 t - a scroll of holy word {unknown}
 u - a scroll of amnesia {unknown}
 v - 2 scrolls of immolation {unknown}
 w - 3 scrolls of magic mapping
 L - a scroll of fear {unknown}
 M - a scroll of recharging {unknown}
 T - a scroll of fog {unknown}
Potions
 k - 3 potions of heal wounds
 s - 2 potions of haste
 x - 2 potions of brilliance
 B - 6 potions of curing
 F - 3 potions of flight
 Q - a potion of cure mutation {unknown}
 U - a potion of might
 W - 3 potions of agility
 X - a potion of berserk rage
 Y - a potion of invisibility {unknown}
 Z - a potion of cancellation
Books
 l - a book of Beasts

   Spells                             Type                      Level
   a - Summon Butterflies             Summoning                    1
   b - Call Canine Familiar           Summoning                    3
   c - Summon Ice Beast               Ice/Summoning                4
   d - Summon Mana Viper              Hexes/Summoning              5
   e - Summon Hydra                   Summoning                    7
 y - a book of Ice

   Spells                             Type                      Level
   a - Ice Form                       Ice/Transmutation            4
   b - Metabolic Englaciation         Hexes/Ice                    5
   c - Ozocubu's Refrigeration        Ice                          6
   d - Bolt of Cold                   Conjuration/Ice              6
   e - Freezing Cloud                 Conjuration/Ice/Air          6
   f - Simulacrum                     Ice/Necromancy               6
 D - a book of Callings

   Spells                             Type                      Level
   a - Summon Small Mammal            Summoning                    1
   b - Call Imp                       Summoning                    2
   c - Call Canine Familiar           Summoning                    3
   d - Summon Guardian Golem          Hexes/Summoning              3
   e - Summon Lightning Spire         Summoning/Air                4
   f - Summon Ice Beast               Ice/Summoning                4
Comestibles
 e - 10 bread rations
 G - 5 beef jerkies
 K - 4 meat rations
 P - 4 fruits
 S - 7 slices of pizza


   Skills:
 + Level 10.2 Fighting
 * Level 5.4 Long Blades
 - Level 9.0 Axes
 * Level 11.9 Armour
 + Level 10.2 Shields
 * Level 4.0 Evocations


You had 10 spell levels left.
You didn't know any spells.

Dungeon Overview and Level Annotations

Branches:
Dungeon (9/15)             Temple (1/1) D:6            Lair (4/8) D:9
  Swamp: Lair:3-6    Shoals: Lair:3-6     Snake: Lair:3-6    Spider: Lair:3-6
    Orc: D:9-12

Altars:
Ashenzari
Cheibriados
Dithmenos
Elyvilon
Fedhas
Gozag
Kikubaaqudgha
Makhleb
Nemelex Xobeh
Okawaru
Qazlal
Ru
Sif Muna
Trog
Vehumet
Xom
Yredelemnul
Zin
The Shining One

Shops:
D:6 %*

Annotations:
Lair:3 Gastronok


Innate Abilities, Weirdness & Mutations

You reflexively headbutt those who attack you in melee.
You have a pair of horns on your head.
You have supernaturally acute eyesight.
You can translocate small distances at will.
You are resistant to hostile enchantments.
You are covered in fur (AC +1).


Message History

The death yak gores you!
Use which ability? (? or * to list)
You fail to use your ability.
The death yak gores you!! The death yak gores you!
The death yak barely misses you.
Use which ability? (? or * to list)
You fade into invisibility!
You are very lightly contaminated with residual magic.
You feel quite a bit more hungry.
The death yak gores you but does no damage.
You block the death yak's attack. The death yak misses you.
You hit the death yak. You freeze the death yak.
The death yak is lightly wounded.
You block the death yak's attack. The death yak gores you!
* * * LOW HITPOINT WARNING * * *
You slash the death yak! You freeze the death yak.
The death yak is lightly wounded.
The death yak gores you!!
* * * LOW HITPOINT WARNING * * *
The death yak gores you!
You die...

.. #. ... ##.##.
..# #..... ..##
..... ... .... ..#
. ###.#.## ..#
#..#...##?##..#
.........YY@..#
#......<..YY..#
...........Y......
P###..#P###.P####.P
###### ####


You could see 5 death yaks.

Vanquished Creatures
  The ghost of Murumi the Blocker, an experienced FoFi of the Shining One (D:7)
  Maurice (D:8)
  2 black mambas (Lair:1)
  3 spiny frogs
  A fire drake (Lair:3)
  A hog (D:7)
  5 yaks (D:9)
  Eustachio (D:5)
  A deep elf fighter (D:9)
  2 hippogriffs
  A hungry ghost (D:8)
  A human (D:7)
  3 wolves
  Menkaure (D:5)
  A sky beast (D:8)
  Duvessa (D:5)
  2 orc warriors
  A phantom (D:5)
  4 porcupines
  2 black bears
  4 ice beasts
  2 eyes of draining (D:3)
  3 ogres
  A centaur (D:9)
  A crocodile (Lair:3)
  A big kobold (Sewer)
  Blork the orc (D:4)
  8 giant frogs
  Dowan (D:5)
  A scorpion (D:4)
  12 wights
  2 jellies
  4 hounds
  4 giant frog skeletons
  A centaur skeleton (D:5)
  Crazy Yiuf (D:5)
  4 iguanas
  9 orc wizards
  9 orc priests
  3 sheep (D:7)
  7 worker ants
  A hound zombie (D:6)
  8 mummies (Ossuary)
  2 hound skeletons
  4 adders
  8 gnolls
  A worker ant zombie (D:8)
  2 shadow imps
  29 river rats
  2 oozes (D:6)
  A worm (D:4)
  An adder skeleton (D:6)
  6 giant geckos
  33 orcs
  9 giant cockroaches
  8 hobgoblins
  17 kobolds
  3 quokkas
  A ball python skeleton (D:5)
  22 bats
  7 giant newts
  7 goblins
  3 hobgoblin zombies (Ossuary)
  7 jackals
  2 kobold zombies (Ossuary)
  3 orc zombies (Ossuary)
  20 rats
321 creatures vanquished.

Vanquished Creatures (others)
  An orc (D:9)
  A bush (Lair:3)
  2 fungi
  A plant (Lair:3)
5 creatures vanquished.

Grand Total: 326 creatures vanquished

Notes
Turn   | Place    | Note
--------------------------------------------------------------
     0 | D:1      | maniek23 the Minotaur Fighter began the quest for the Orb.
     0 | D:1      | Reached XP level 1. HP: 19/19 MP: 0/0
   146 | D:1      | Reached XP level 2. HP: 21/27 MP: 1/1
   194 | D:1      | Reached skill level 4 in Armour
   677 | D:2      | Reached XP level 3. HP: 31/33 MP: 2/2
  1415 | D:3      | Noticed an eye of draining
  1435 | D:3      | Killed an eye of draining
  1435 | D:3      | Reached XP level 4. HP: 39/41 MP: 0/3
  1439 | D:3      | Noticed an eye of draining
  1456 | D:3      | Killed an eye of draining
  1456 | D:3      | Reached skill level 5 in Armour
  1456 | D:3      | Reached skill level 5 in Shields
  1456 | D:3      | Reached XP level 5. HP: 47/47 MP: 0/4
  1459 | D:3      | Found a bloodstained altar of Trog.
  1938 | D:4      | Reached skill level 5 in Fighting
  1998 | D:4      | Reached XP level 6. HP: 56/56 MP: 1/5
  2005 | D:4      | Found a stormy altar of Qazlal.
  2057 | D:4      | Noticed Blork the orc
  2063 | D:4      | Killed Blork the orc
  2077 | D:4      | Got a shimmering steel ring
  2078 | D:4      | Identified the ring "Ogicis" {*Contam +Fly rElec Int+2} (You found it on level 4 of the Dungeon)
  2266 | D:4      | Found a glowing drain.
  2313 | Sewer    | Entered a sewer
  2329 | Sewer    | Reached skill level 5 in Axes
  2329 | Sewer    | Reached XP level 7. HP: 25/61 MP: 2/6
  2479 | Sewer    | Reached skill level 6 in Armour
  2497 | Sewer    | Found a glowing silver altar of Zin.
  2652 | D:4      | Noticed an ogre
  2662 | D:4      | Killed an ogre
  2773 | D:4      | Found an opulent altar of Gozag.
  2776 | D:4      | Found a deep blue altar of Sif Muna.
  2779 | D:4      | Found a snail-covered altar of Cheibriados.
  2931 | D:5      | Entered Level 5 of the Dungeon
  3224 | D:5      | Noticed Eustachio
  3276 | D:5      | Reached XP level 8. HP: 68/71 MP: 2/7
  3294 | D:5      | Killed Eustachio
  3294 | D:5      | Reached skill level 7 in Armour
  3359 | D:5      | Noticed Crazy Yiuf
  3365 | D:5      | Killed Crazy Yiuf
  3432 | D:5      | Noticed Dowan
  3433 | D:5      | Noticed Duvessa
  3442 | D:5      | Killed Duvessa
  3448 | D:5      | Killed Dowan
  3458 | D:5      | Found a shadowy altar of Dithmenos.
  3617 | D:5      | Noticed Menkaure
  3626 | D:5      | Killed Menkaure
  4033 | D:5      | Found a glowing silver altar of Zin.
  4099 | D:6      | Found a staircase to the Ecumenical Temple.
  4110 | Temple   | Entered the Ecumenical Temple
  4490 | D:6      | Reached skill level 8 in Armour
  4501 | D:6      | Found Kelep's Food Shoppe.
  4691 | D:6      | Reached XP level 9. HP: 74/81 MP: 2/8
  4721 | D:6      | Found Weurgh's Elemental Accessories.
  4954 | D:7      | Noticed Murumi's ghost (experienced FoFi)
  5493 | D:7      | Reached skill level 9 in Armour
  6030 | D:7      | Killed Murumi's ghost
  6390 | D:7      | Reached skill level 10 in Armour
  6969 | D:8      | Found a sand-covered staircase.
  6979 | Ossuary  | Entered an ossuary
  7021 | Ossuary  | Reached XP level 10. HP: 91/91 MP: 3/9
  7710 | D:8      | Noticed Maurice
  7711 | D:8      | Reached skill level 1 in Long Blades
  7725 | D:8      | Killed Maurice
  7973 | D:8      | Noticed a six-headed hydra
  7985 | D:8      | Reached skill level 11 in Armour
  8157 | D:8      | Found a stormy altar of Qazlal.
  8196 | D:8      | Gained mutation: You can translocate small distances at will. [mutagenic meat]
  8197 | D:8      | Gained mutation: You are resistant to hostile enchantments. [mutagenic meat]
  8198 | D:8      | Gained mutation: You have supernaturally acute eyesight. [mutagenic meat]
  8199 | D:8      | Gained mutation: You are covered in fur (AC +1). [mutagenic meat]
  8404 | D:9      | Reached skill level 1 in Evocations
  9098 | D:9      | Found a staircase to the Lair.
  9175 | Lair:1   | Entered Level 1 of the Lair of Beasts
  9433 | Lair:1   | Noticed a black mamba
  9440 | Lair:1   | Killed a black mamba
  9454 | Lair:1   | Noticed a black mamba
  9460 | Lair:1   | Killed a black mamba
  9460 | Lair:1   | Reached skill level 10 in Fighting
  9460 | Lair:1   | Reached skill level 10 in Shields
  9460 | Lair:1   | Reached XP level 11. HP: 63/99 MP: 12/12
  9898 | Lair:2   | Noticed an eight-headed hydra
 10132 | Lair:1   | Reached skill level 5 in Long Blades
 10876 | Lair:3   | Noticed Gastronok
 10903 | Lair:4   | Noticed a death yak
 10905 | Lair:4   | Noticed a death yak
 10905 | Lair:4   | Noticed a death yak
 10905 | Lair:4   | Noticed a death yak
 10905 | Lair:4   | Noticed a death yak
 10915 | Lair:4   | HP: 1/100 [death yak (23)]
 10915 | Lair:4   | Mangled by a death yak

Vault maps used:
D:1:      minmay_arrival_widening_spiral_wide, roderic_roman_lattice
D:2:      minmay_misc_feat_hallway
D:3:      trog_eyes_of_draining, first_bread, serial_forest,
          infiniplex_forest_end_1, infiniplex_forest_straight_5,
          infiniplex_forest_end_double, infiniplex_forest_lined_2,
          infiniplex_forest_zigzag_1, infiniplex_forest_end_2,
          infiniplex_forest_clump_small, infiniplex_forest_lined_room_,
          infiniplex_forest_lined_room_3, minmay_close_crescents
D:4:      lemuel_crystal_altar, grunt_temple_overflow_diamond,
          portal_sewer_entry_f, uniq_blork_the_orc
D:5:      kennysheep_six_static_rooms, zin_academy,
          nicolae_overflow_crystal_walls, minivault_19, uniq_menkaure,
          uniq_duvessa, uniq_crazy_yiuf_cottage, uniq_eustachio
D:6:      minmay_temple_entry_junction, serial_shops, nicolae_shop_trees,
          nicolae_elemental_shop
D:7:      corexii_shack_village, wad_floor_pattern_1, grunt_livestock
D:8:      minmay_cut_squares, basic_altar, nicolae_ossuary_entry_ruins,
          minivault_27, uniq_maurice
D:9:      grunt_lair_entry_elf_guard_hut
Temple:   nicolae_temple_x_marks_the_god
Lair:1:   serial_bayou_shore_a, grunt_megastairs_2, uniq_urug
Lair:3:   nicolae_spider_entry_tight_spaces, st_stairs_11, grunt_megastairs_4,
          infiniplex_staircase_pool_2, uniq_gastronok
Lair:4:   lab_entry_generic, beast_lair_carwin_6
Sewer:    sewer_kobolds
Ossuary:  ossuary_tomb_3

Action                   |  1- 3 |  4- 6 |  7- 9 | 10-12 || total
-------------------------+-------+-------+-------+-------++-------
Melee: War axe           |   108 |       |       |       ||   108
       Hand axe          |       |   135 |   448 |    82 ||   665
       Long sword        |       |       |       |   254 ||   254
       Demon blade       |       |       |       |   113 ||   113
Throw: Javelin           |       |       |     7 |       ||     7
 Abil: Evoke Flight      |       |       |     1 |       ||     1
       Blink             |       |       |       |     2 ||     2
       Evoke Invisibilit |       |       |       |     1 ||     1
  Use: Scroll            |       |       |     7 |     8 ||    15
       Potion            |       |       |     1 |     3 ||     4
  Eat: Chunk             |     2 |     2 |    16 |    15 ||    35
       Bread ration      |       |       |       |     1 ||     1
       Fruit             |       |       |       |     1 ||     1
